AoeStats
← PIGGI A MAND!!!

MegaRandom

510400985Analyzed
2v2 RM · 1d ago on Sep 30, 2026· 50m 8s· 4 players
Game mode
Random Map
Map size
Medium (4 player)
Population
200
Speed
Normal
Resources
Standard
Victory
Conquest
Starting age
Dark Age
Ending age
Imperial Age
RankedLock teamsTeams togetherTeam positionsShared explorationLock speedFull tech treeHidden civsTurbo modeCheats
Victory
Defeat
🇨🇱 Berbers · Chile
1217
+14
🇨🇱 Varangians · Chile
1207
+14
🇫🇷 Inca · France
1193
-15
🇳🇴 Khmer · Norway
1151
-13
Madeen
3:28 Loom
10:19 Feudal Age
11:08 Double-Bit Axe
11:58 Town Watch
16:17 Wheelbarrow
18:54 Castle Age
16:59 Gold Mining
19:05 Fletching
20:11 Medium Warships
20:31 Bow Saw
28:14 Horse Collar
35:08 Imperial Age
32:52 Bodkin Arrow
33:57 Heavy Plow
34:33 Gold Shaft Mining
34:53 Ballistics
34:49 Forging
34:45 Stone Mining
35:25 Masonry
36:07 Hand Cart
36:43 Heavy Warships
36:33 Bracer
37:49 Town Patrol
38:44 Crop Rotation
38:05 Treadmill Crane
39:08 Stone Shaft Mining
39:50 Scale Mail Armor
42:59 Iron Casting
43:04 Chain Mail Armor
45:13 Blast Furnace
45:13 Plate Mail Armor
46:32 Murder Holes
47:55 Champi Runner
PIGGI A MAND!!!
7:31 Loom
12:28 Feudal Age
16:24 Castle Age
16:18 Double-Bit Axe
16:46 Horse Collar
18:30 Medium Warships
21:17 Pikeman
22:41 Gold Mining
24:45 Light Cavalry
27:50 Heavy Plow
28:35 Bloodlines
voodoomsr
9:30 Loom
11:16 Feudal Age
12:55 Double-Bit Axe
14:43 Gold Mining
22:45 Castle Age
22:08 Fletching
23:09 Bloodlines
23:39 Medium Warships
23:32 Bodkin Arrow
24:40 Bow Saw
24:33 Light Cavalry
28:12 Crossbowman
29:04 Padded Archer Armor
30:19 Forging
30:53 Leather Archer Armor
41:47 Gold Shaft Mining
42:32 Wheelbarrow
45:13 Imperial Age
43:33 Ballistics
43:35 Hand Cart
43:52 Treadmill Crane
44:09 Murder Holes
44:50 Masonry
45:17 Iron Casting
45:32 Town Watch
46:27 Heavy Warships
46:14 Siphons
47:13 Blast Furnace
47:33 Bracer
47:57 Careening
47:59 Clinker Construction
51:05 Dry Dock
Bazinga
8:25 Loom
11:11 Feudal Age
13:13 Double-Bit Axe
15:11 Horse Collar
19:26 Castle Age
21:39 Gold Mining
22:17 Medium Warships
24:29 Fletching
27:23 Scale Barding Armor
27:28 Forging
27:31 Bloodlines
31:10 Imperial Age
29:18 Bow Saw
31:10 Stone Mining
33:00 Scale Mail Armor
36:21 Chain Mail Armor
36:55 Wheelbarrow
37:06 Husbandry
37:26 Heavy Plow
37:58 Plate Mail Armor
41:37 Conscription
40:41 Elite Varangian Guard
41:24 Squires
41:10 Gambesons
41:12 Arson
45:09 Iron Casting
44:31 Bodkin Arrow
44:02 Capped Ram
47:33 Blast Furnace
48:44 Two-Man Saw
48:29 Hand Cart
48:18 Gothikon
Connection lost

Rejoining the realm…

Still unreachable

The connection could not be restored.

Session expired

The server has moved on; the page needs a fresh start.